 Dungeon Crawl Stone Soup version 0.31-a0-208-gdb31a4691d (webtiles) character file.

Game seed: 8482287946343455967

21151 Dylgear the Severer (level 13, -11/100 HPs)
             Began as a Formicid Fighter on June 28, 2023.
             Was an Elder of Wu Jian.
             Blown up by a great orb of eyes (35 damage)
             ... with a mindburst bolt
             ... on level 2 of the Abyss.
             The game lasted 00:48:52 (14025 turns).

Dylgear the Severer (Formicid Fighter)             Turns: 14025, Time: 00:48:52

Health: -11/100    AC: 27    Str: 25    XL:     13   Next: 17%
Magic:  13/13      EV:  8    Int:  7    God:    Wu Jian [****..]
Gold:   1618       SH:  7    Dex: 15    Spells: 12/12 levels left

rFire   . . .        p - +1 battleaxe
rCold   . . .        c - +0 buckler
rNeg    . . .        x - +0 plate armour
rPois   .            (helmet unavailable)
rElec   .            v - +2 cloak
rCorr   .            f - +1 pair of gloves
SInv    +            e - +2 pair of boots
Will    +....        (no amulet) Stlth
                     k - +4 ring of protection
HPRegen 0.36/turn    A - +4 ring of slaying
MPRegen 0.13/turn

%: no passive effects
@: silenced
A: permanent stasis, dig shafts and tunnels, antennae 3, four strong arms
a: Dig, Shaft Self, Renounce Religion, Wall Jump


You were on level 2 of the Abyss.
You worshipped Wu Jian.
Wu Jian was greatly pleased with you.
You visited 2 branches of the dungeon, and saw 15 of its levels.
You visited the Abyss 1 time.

You collected 1618 gold pieces.

Inventory:

Hand Weapons
 b - a +3 short sword
 l - a +0 flail of holy wrath
 p - a +1 battleaxe (weapon)
Missiles
 d - 10 boomerangs
 m - 5 boomerangs of dispersal (quivered)
 D - 6 javelins
Armour
 c - a +0 buckler (worn)
 e - a +2 pair of boots (worn)
 f - a +1 pair of gloves (worn)
 v - a +2 cloak (worn)
 x - a +0 plate armour (worn)
Jewellery
 i - an amulet of magic regeneration
 k - a +4 ring of protection (left hand)
 s - a ring of ice
 A - a +4 ring of slaying (right hand)
Wands
 j - a wand of flame (18)
 n - a wand of roots (4)
 o - a wand of polymorph (4)
 r - a wand of charming (6)
 y - a wand of mindburst (17)
Scrolls
 C - 10 scrolls of identify
Potions
 a - a potion of enlightenment
 g - 2 potions of mutation
 z - 3 potions of lignification


   Skills:
 + Level 8.9 Fighting
 * Level 16.0 Axes
 * Level 9.6 Armour
 + Level 1.8 Dodging
 * Level 10.6 Shields
 + Level 0.5 Evocations


You had 12 spell levels left.
You didn't know any spells.
Your spell library contained the following spells:

 Spells                   Type           Power      Damage    Failure   Level
 Beastly Appendage        Tmut           0%         N/A       99%         1
 Shock                    Conj/Air       0%         1d3       99%         1
 Lesser Beckoning         Tloc           0%         N/A       100%        2
 Wereblood                Tmut           0%         N/A       100%        2
 Gell's Gravitas          Tloc           0%         N/A       100%        3
 Spider Form              Tmut/Pois      0%         N/A       100%        3
 Teleport Other           Tloc           0%         N/A       100%        3
 Airstrike                Air            0%         2d(0-16)  100%        4
 Swiftness                Air            Unusable   N/A       N/A         3

Dungeon Overview and Level Annotations

Branches:
Dungeon (13/15)            Temple (1/1) D:4            Lair (0/5) D:9
    Orc (0/2) D:9
 Vaults: D:13-14

Altars:
Ashenzari
Cheibriados
Dithmenos
Elyvilon
Fedhas
Gozag
Hepliaklqana
Kikubaaqudgha
Makhleb
Nemelex Xobeh
Okawaru
Qazlal
Ru
Sif Muna
Trog
Uskayaw
Vehumet
Wu Jian
Xom
Yredelemnul
Zin
The Shining One

Shops:
D:3 (   D:11 ***

Annotations:
D:12 Fannar


Innate Abilities, Weirdness & Mutations

You cannot be hasted, slowed, berserked, paralysed or teleported.
You can dig through walls and to a lower floor.
You have a pair of large antennae on your head. (SInv)
Your four strong arms can wield two-handed weapons with a shield.


Message History

Unknown command.
Unknown command.
Unknown command.
Unknown command.
Unknown command.
Okay, then.
You feel very sick.
You feel better.
Aiming: Fastroot
Press: ? - help, Shift-Dir - straight line, f - starcursed mass
Aim: a starcursed mass The roots erupt in riotous growth!
Roots grab the starcursed mass. x2
The grasping roots constrict the starcursed mass. x2
The starcursed mass shudders and is absorbed by its neighbour.
The roots lose their grip on the starcursed mass.
The starcursed mass touches you but does no damage.
The grasping roots constrict the starcursed mass!
The roots release their grip on the starcursed mass.
A starcursed mass splits.
The guardian serpent coils itself and waves its upper body at you.
Your stasis prevents you from being slowed.
A starcursed mass splits.
Okay, then.
A deafening chorus of shrieks assaults your mind!
* * * LOW HITPOINT WARNING * * *
Your stasis prevents you from being paralysed.
You feel less exhausted.
A starcursed mass splits.
A great orb of eyes comes into view.
Okay, then.
You can't see any enemies this would affect, really read the scroll of silence?
Okay, then.
You can't see any enemies this would affect, really read the scroll of silence?
As you read the scroll of silence, it crumbles to dust.
A profound silence engulfs you.
The great orb of eyes turns its gaze towards you.
The great orb of eyes gazes at you.
Your mind is blasted!
You die...

.. .. .# .## #. .G#
..###. ## ...# ...#.
..# #...###...###...
#.....#.....#...
.................
#.... #.@...# ..
#... ##...## .. #.
##.## ##X## #.#
...###...###.x.###.
. ....#.....#X ...#.
.........X{.........
..#.{.XX#.....#...
##...###{..###...
##.## ##N## #.#


You could see a starcursed mass, a great orb of eyes and a small abomination.

Vanquished Creatures
  A tentacled starspawn (Abyss:2)
  2 boulder beetles
  A centaur warrior (D:15)
  A deep troll (D:15)
  A deep elf zephyrmancer (D:15)
  An ugly thing (D:11)
  2 cyclopes
  A manticore (D:12)
  A smoke demon (Abyss:2)
  A naga mage (D:10)
  A gargoyle (D:12)
  An orange demon (Abyss:2)
  An unseen horror (D:11)
  A kobold demonologist (D:12)
  2 ancient zymes (Abyss:2)
  5 trolls
  A hornet (D:10)
  Sigmund (D:6)
  10 slime creatures
  3 shadows
  A wraith (D:12)
  30 yaks
  A basilisk (D:11)
  A wyvern (D:9)
  2 steam dragons
  4 vampire mosquitoes
  2 nagas (Abyss:2)
  An acid dragon (D:8)
  A water moccasin (D:8)
  2 sky beasts
  6 orc warriors
  2 black bears (D:6)
  3 ice beasts
  An ogre (D:7)
  5 centaurs
  2 kobold brigands
  5 bullfrogs
  7 scorpions
  A gnoll sergeant (D:8)
  10 killer bees (D:8)
  3 howler monkeys (D:8)
  2 hounds
  7 orc priests
  A gnoll bouda (D:7)
  An iron imp (Abyss:2)
  A jelly (D:6)
  A sleepcap (D:6)
  An iguana (D:5)
  10 orc wizards
  14 gnolls
  6 adders
  A shadow imp (D:6)
  An ufetubus (D:7)
  2 worms (D:3)
  A dart slug (D:1)
  44 orcs
  6 ball pythons
  6 endoplasms
  2 giant cockroaches
  10 goblins
  8 hobgoblins
  6 jackals
  17 kobolds
  4 quokkas
  4 bats
  3 frilled lizards
  2 rats
  A starspawn tentacle (Abyss:2)
290 creatures vanquished.

Vanquished Creatures (collateral kills)
  An orc (D:9)
1 creature vanquished.

Vanquished Creatures (others)
  3 starspawn tentacles (Abyss:2)
3 creatures vanquished.

Grand Total: 294 creatures vanquished

Notes
Turn   | Place    | Note
-------+----------+-------------------------------------------
     0 | D:1      | Dylgear the Formicid Fighter began the quest for the Orb.
     0 | D:1      | Reached XP level 1. HP: 18/18 MP: 1/1
     3 | D:1      | Noticed an electric eel
     4 | D:1      | Noticed an electric eel
   240 | D:1      | Reached XP level 2. HP: 24/24 MP: 2/2
   338 | D:1      | Found a faded altar of an unknown god.
   423 | D:1      | Reached XP level 3. HP: 29/29 MP: 3/3
  1218 | D:2      | Reached XP level 4. HP: 28/37 MP: 4/4
  1317 | D:2      | Reached skill level 3 in Axes
  1684 | D:3      | Reached XP level 5. HP: 6/42 MP: 5/5
  2174 | D:3      | Reached skill level 5 in Shields
  2270 | D:3      | Reached skill level 4 in Axes
  2320 | D:3      | Found Minusuam's Weapon Shop.
  2448 | D:3      | Found a glowing silver altar of Zin.
  2448 | D:3      | Found a white marble altar of Elyvilon.
  2448 | D:3      | Found a glowing golden altar of the Shining One.
  2761 | D:4      | Reached XP level 6. HP: 45/48 MP: 6/6
  2975 | D:4      | Found a staircase to the Ecumenical Temple.
  3048 | Temple   | Entered the Ecumenical Temple
  3099 | Temple   | Became a worshipper of the Wu Jian Council
  3695 | D:5      | Entered Level 5 of the Dungeon
  3768 | D:5      | Reached skill level 5 in Axes
  3770 | D:5      | Reached XP level 7. HP: 38/54 MP: 7/7
  4124 | D:5      | Reached skill level 6 in Axes
  4124 | D:5      | Reached XP level 8. HP: 43/60 MP: 8/8
  4771 | D:6      | Reached skill level 5 in Armour
  4790 | D:6      | Reached * piety under Wu Jian
  4791 | D:6      | Reached skill level 7 in Axes
  4988 | D:6      | Reached skill level 1 in Dodging
  5001 | D:6      | Noticed Sigmund
  5042 | D:6      | Killed Sigmund
  5043 | D:6      | Reached skill level 8 in Axes
  5413 | D:6      | Reached XP level 9. HP: 64/66 MP: 9/9
  6421 | D:7      | Reached skill level 9 in Axes
  6699 | D:7      | Reached skill level 5 in Fighting
  6803 | D:7      | Identified a scroll of acquirement
  6803 | D:7      | Acquired 960 gold pieces
  7285 | D:8      | Reached skill level 10 in Axes
  7344 | D:8      | Reached XP level 10. HP: 61/74 MP: 10/10
  7632 | D:8      | Reached skill level 11 in Axes
  7844 | D:8      | Reached ** piety under Wu Jian
  8277 | D:9      | Found a staircase to the Lair.
  8780 | D:9      | Reached *** piety under Wu Jian
  8826 | D:9      | Found a staircase to the Orcish Mines.
  8933 | D:9      | Found a basalt altar of Yredelemnul.
  8937 | D:9      | Found a shimmering altar of Xom.
  8941 | D:9      | Found a bloodstained altar of Trog.
  9202 | D:9      | Reached skill level 12 in Axes
  9218 | D:9      | Reached XP level 11. HP: 66/81 MP: 11/11
  9652 | D:10     | Entered Level 10 of the Dungeon
  9692 | D:10     | Reached skill level 13 in Axes
 10723 | D:11     | Found Veuso's General Store.
 10723 | D:11     | Found Jieposergh's Assorted Antiques.
 10723 | D:11     | Found Mise Puarr's General Store.
 10849 | D:11     | Noticed a cyan ugly thing
 11010 | D:11     | Killed a cyan ugly thing
 11147 | D:11     | Reached **** piety under Wu Jian
 11272 | D:11     | Noticed a cyclops
 11278 | D:11     | Killed a cyclops
 11279 | D:11     | Reached skill level 14 in Axes
 11369 | D:11     | Noticed a boulder beetle
 11398 | D:11     | Killed a boulder beetle
 11399 | D:11     | Reached XP level 12. HP: 41/91 MP: 12/12
 11578 | D:11     | Identified the +2 robe "Ummegij" {-Tele Will+ Int+9 Stlth-}
 12288 | D:12     | Found a white marble altar of Elyvilon.
 12586 | D:12     | Reached skill level 10 in Shields
 12589 | D:12     | Noticed a boulder beetle
 12617 | D:12     | Killed a boulder beetle
 12618 | D:12     | Reached skill level 15 in Axes
 13028 | D:12     | Noticed Fannar
 13215 | D:13     | You fall into a shaft and drop 2 floors!
 13215 | D:15     | Entered Level 15 of the Dungeon
 13484 | D:15     | Noticed a centaur warrior
 13489 | D:15     | Killed a centaur warrior
 13827 | D:15     | Noticed a deep troll
 13838 | D:15     | Killed a deep troll
 13868 | Abyss:2  | Cast into level 2 of the Abyss (a wizard)
 13932 | Abyss:2  | Reached XP level 13. HP: 98/99 MP: 13/13
 13949 | Abyss:2  | Noticed a tentacled starspawn
 13975 | Abyss:2  | Killed a tentacled starspawn
 13986 | Abyss:2  | Reached skill level 16 in Axes
 14007 | Abyss:2  | Noticed a starcursed mass
 14023 | Abyss:2  | Noticed a great orb of eyes
 14025 | Abyss:2  | Blown up by a great orb of eyes

Illustrated notes

Levels and vault maps discovered:
D:1:      arrival_aquarium_b, layout_loops_ring,
          hellmonk_ecumenical_altar_heavens_door, amethyst_killhole
D:2:      layout_basic, minmay_misc_feat_square
D:3:      layout_loops_cross, good_gods_mini_temple, serial_shops,
          nicolae_shop_advertising_works [nicolae_subvault_shop_adworks],
          hangedman_abyss_or_decor_lesser_grid, minmay_misc_feat_tiny,
          chequers_serial_rivers_micro_b
D:4:      layout_loops_ring, minmay_temple_entry_ruins
D:5:      layout_basic
D:6:      layout_layer_cave, uniq_sigmund
D:7:      layout_basic, grunt_ministairs_9
D:8:      layout_basic, eino_jars
D:9:      layout_loops_corners, grunt_temple_overflow_diamond,
          grunt_lair_entry_orc_guard_hut, hiddenorc1_lemuel,
          nicolae_elevator_lobby_plus
D:10:     layout_loops_ring, minmay_librarian
D:11:     layout_roguey, nicolae_shop_distant_corner_stores
D:12:     layout_basic, elyvilon_altar_4, uniq_fannar
D:13:     layout_loops_corners, serial_shops, shop
D:15:     hangedman_depths_entry_civil_slaughter, layout_grid_maze, uniq_agnes,
          uniq_azrael
Temple:   nicolae_temple_bog_church
Abyss:2:  base: D:14, evilmike_abyss_exit_4, evilmike_abyss_exit_mutagenic,
          evilmike_abyss_exit_mutagenic

Skill      XL: |  1  2  3  4  5  6  7  8  9 10 11 12 13 |
---------------+----------------------------------------+-----
Axes           | 3 4 5 6 8 10 12 14 15 16 | 16.0
Shields        | 5 6 7 8 9 10 | 10.6
Armour         | 4 5 6 8 9 |  9.6
Fighting       | 4 5 6 7 8 |  8.9
Dodging        | 1 |  1.8
Evocations     | |  0.5

Action                     |  1- 3 |  4- 6 |  7- 9 | 10-12 | 13-15 || total
---------------------------+-------+-------+-------+-------+-------++-------
  Melee: War axe           |    86 |       |       |       |       ||    86
         Battleaxe         |    16 |   138 |   210 |   545 |    26 ||   935
 Invoke: Serpent's Lash    |       |       |       |     1 |     1 ||     2
Ability: Lunge             |       |       |    15 |    18 |       ||    33
         Whirlwind         |       |       |     6 |    20 |     3 ||    29
         Dig               |       |       |       |     1 |       ||     1
         Shaft Self        |       |       |       |     1 |       ||     1
         Wall Jump         |       |       |       |       |     1 ||     1
  Evoke: Wand              |       |     1 |       |     7 |     5 ||    13
    Use: Scroll            |     1 |    11 |     5 |     6 |     1 ||    24
         Potion            |       |     1 |     3 |     8 |     8 ||    20
 Armour: Scale mail        |    34 |       |       |       |       ||    34
         Chain mail        |    33 |   121 |   154 |    98 |       ||   406
         Plate armour      |       |       |       |   241 |     7 ||   248
         Skin              |       |       |       |       |    10 ||    10
  Dodge: Dodged            |    44 |    79 |    75 |   200 |     5 ||   403
  Block: Buckler           |    28 |    49 |    60 |   162 |     8 ||   307

Table legend: (Time is in decaauts)
 A = Elapsed time spent in this place.
 B = Non-inter-level travel time spent in this place.
 C = Inter-level travel time spent in this place.
 D = Time resting spent in this place.
 E = Time spent auto-exploring this place.
 F = Levels seen in this place.
 G = Mean time per level.
                   A        B        C        D        E       F      G
               +--------+--------+--------+--------+--------+-----+--------+
         Total |  14270 |  13360 |    910 |   2335 |   7258 |  16 |  891.9 |
       Dungeon |  13927 |  13024 |    903 |   2335 |   7103 |  14 |  994.8 |
        Temple |    186 |    179 |      7 |      0 |    155 |   1 |  186.0 |
         Abyss |    156 |    156 |      0 |      0 |      0 |   1 |  156.0 |
               +--------+--------+--------+--------+--------+-----+--------+

Top non-repeatable levels by time:
     D:6: 1588 daAuts
     D:9: 1430 daAuts
    D:11: 1322 daAuts
     D:8: 1197 daAuts
    D:10: 1131 daAuts
     D:1: 961 daAuts
    D:12: 944 daAuts
     D:3: 935 daAuts
     D:7: 917 daAuts
     D:2: 915 daAuts
     D:5: 914 daAuts
     D:4: 843 daAuts
    D:15: 652 daAuts
  Temple: 186 daAuts
    D:13: 173 daAuts
